 Dungeon Crawl Stone Soup version 0.28.0-53-g5a82cb258f (webtiles) character file.

Game seed: 6916307126925466406

54383 Labrat the Eclecticist (level 14, -3/122 HPs)
             Began as a Demigod Conjurer on Aug 3, 2022.
             Slain by a black mamba (15 damage)
             ... on level 5 of the Lair of Beasts.
             The game lasted 01:10:08 (33243 turns).

Labrat the Eclecticist (Demigod Conjurer)          Turns: 33243, Time: 01:10:09

Health: -3/122     AC: 10    Str:  8    XL:     14   Next: 2%
Magic:  2/38       EV: 12    Int: 43    God:
Gold:   790        SH:  0    Dex: 18    Spells: 28/43 levels left

rFire   . . .      SeeInvis +   E - +4 mace of the Manifold Quests {venom, Int+7}
rCold   . . .      Faith    .   (no shield)
rNeg    . . .      Spirit   .   i - +0 steam dragon scales
rPois   .          Reflect  .   c - +0 helmet {SInv}
rElec   .          Harm     .   (no cloak)
rCorr   +          Rampage  .   f - +0 pair of gloves
Will    ++...                   P - +2 pair of boots
Stlth   ++........              (no amulet)
HPRegen 0.30/turn               x - ring "Rijilesmi" {Will+ Dex+6}
MPRegen 0.26/turn               J - ring of resist corrosion

@: no status effects
A: high MP 1, forlorn, divine attributes
a: no special abilities


You were on level 5 of the Lair of Beasts.
You visited 3 branches of the dungeon, and saw 17 of its levels.
You also visited: Ice Cave.

You collected 790 gold pieces.

Inventory:

Hand Weapons
 E - the +4 mace of the Manifold Quests (weapon) {venom, Int+7}
   (You found it on level 8 of the Dungeon)

   It poisons the flesh of those it strikes.
   Int:       It affects your intelligence (+7).
Missiles
 h - 16 poisoned darts
 n - 7 javelins
 p - a throwing net
 L - 6 silver javelins
Armour
 c - a +0 helmet of see invisible (worn)
 f - a +0 pair of gloves (worn)
 i - +0 steam dragon scales (worn)
 P - a +2 pair of boots (worn)
Jewellery
 l - a ring of flight
 x - the ring "Rijilesmi" (left hand) {Will+ Dex+6}
   (You found it on level 7 of the Dungeon)

   [ring of dexterity]

   Dex:       It affects your dexterity (+6).
   Will:      It increases your willpower.
 I - a ring of willpower
 J - a ring of resist corrosion (right hand)
 M - a ring of protection from fire
 O - a ring of protection from cold
 R - a ring of poison resistance
Wands
 s - a wand of paralysis (25)
 y - a wand of flame (52)
 z - a wand of digging (5)
 D - a wand of polymorph (20)
 H - a wand of iceblast (4)
 N - a wand of mindburst (12)
Scrolls
 e - 3 scrolls of teleportation
 g - a scroll of enchant weapon
 j - 2 scrolls of immolation
 k - 5 scrolls of amnesia
 m - 2 scrolls of blinking
 o - 3 scrolls of vulnerability
 q - 2 scrolls of fear
 A - 3 scrolls of fog
 B - a scroll of brand weapon
 C - 2 scrolls of holy word
 T - a scroll of acquirement
Potions
 a - a potion of attraction {unknown}
 b - 2 potions of mutation
 d - 6 potions of curing
 r - 4 potions of brilliance
 t - 4 potions of magic
 u - 4 potions of heal wounds
 v - a potion of flight
 w - a potion of ambrosia {unknown}
 G - a potion of cancellation
 K - 3 potions of lignification
Miscellaneous
 F - a condenser vane
 S - a lightning rod (4/4)


   Skills:
 + Level 10.9 Fighting
 - Level 1.7 Dodging
 - Level 1.7 Stealth
 - Level 15.0 Spellcasting
 - Level 10.0 Conjurations
 - Level 5.0 Earth Magic
 - Level 8.0 Evocations


You had 28 spell levels left.
You knew the following spells:

 Your Spells              Type           Power      Damage    Failure   Level
a - Magic Dart            Conj           100%       1d8       0%          1
b - Searing Ray           Conj           100%       2d8       1%          2
c - Iskenderun's Mystic   Conj/Tloc      66%        2d14      1%          4
d - Borgnjor's Vile Clut  Necr/Erth      26%        N/A       9%          5
e - Mephitic Cloud        Conj/Pois/Air  57%        N/A       1%          3

Your spell library contained the following spells:

 Spells                   Type           Power      Damage    Failure   Level
 Animate Skeleton         Necr           64%        N/A       1%          1
 Pain                     Necr           100%       1d9       1%          1
 Shock                    Conj/Air       100%       1d9       1%          1
 Call Imp                 Summ           32%        N/A       1%          2
 Dazzling Flash           Conj/Hex       100%       N/A       1%          3
 Fulminant Prism          Conj/Hex       33%        3d16      1%          4
 Gell's Gravitas          Tloc           32%        N/A       2%          3
 Lesser Beckoning         Tloc           32%        N/A       2%          3
 Ozocubu's Armour         Ice            32%        N/A       2%          3
 Swiftness                Air            32%        N/A       2%          3
 Teleport Other           Tloc           32%        N/A       2%          3
 Vampiric Draining        Necr           32%        2d8       2%          3
 Airstrike                Air            16%        N/A       9%          4
 Passage of Golubria      Tloc           32%        N/A       9%          4
 Conjure Ball Lightning   Conj/Air       33%        3x3d11    17%         6
 Alistair's Intoxication  Tmut/Pois      21%        N/A       24%         5
 Metabolic Englaciation   Hex/Ice        16%        N/A       24%         5
 Silence                  Hex/Air        16%        N/A       24%         5
 Eringya's Noxious Bog    Tmut/Pois      16%        N/A       78%         6
 Simulacrum               Ice/Necr       16%        N/A       78%         6
 Lehudib's Crystal Spear  Conj/Erth      38%        10d10     95%         8
 Discord                  Hex            16%        N/A       100%        8
 Disjunction              Tloc           16%        N/A       100%        8


Dungeon Overview and Level Annotations

Branches:
Dungeon (10/15)            Temple (1/1) D:6            Lair (6/6) D:10
 Shoals (0/4) Lair:3       Spider (0/4) Lair:4          Orc (0/2) D:10
  IceCv (visited)
  Slime: Lair:5-6

Shops:
D:9 (   D:10 *

Annotations:
D:8 exclusion: orange crystal statue
D:10 exclusion: fire dragon


Innate Abilities, Weirdness & Mutations

You have an increased reservoir of magic. (+10% MP)
You shall have no god before yourself.
Your divine heritage dramatically boosts your attributes as you level up.


Message History

The wyvern is severely wounded.
The black mamba is almost dead.
The mystic blast hits the blink frog!
The blink frog is almost dead.
The blink frog is knocked back by the mystic blast.
You hear a loud, deep croak!
You hear a roar!
The black mamba misses you. The wyvern barely misses you.
Unknown command.
Unknown command.
The black mamba bites you. The wyvern misses you.
You climb upwards.
There is a stone staircase leading down here.
Unknown command.
You closely miss the black mamba.
The black mamba is almost dead.
The black mamba bites you!
You are poisoned.
The black mamba poisons you! The wyvern bites you.
The black mamba completely misses you. The wyvern barely misses you.
The black mamba bites you but does no damage.
You miss the black mamba.
The black mamba is almost dead.
You feel very sick. The wyvern misses you. The black mamba bites you.
The wyvern bites you but does no damage.
The black mamba bites you!
The wyvern bites you but does no damage.
You feel very sick. The black mamba bites you!
* * * LOW HITPOINT WARNING * * *
You are lethally poisoned!
The black mamba poisons you! The wyvern barely misses you.
The black mamba bites you!
* * * LOW HITPOINT WARNING * * *
You are more poisoned.
The black mamba poisons you!
You feel better. The black mamba barely misses you. The wyvern bites you!
* * * LOW HITPOINT WARNING * * *
The black mamba bites you!
You die...

##.....##...##.###≈#.##.##.#.....
#...^..#.#..###†.#.#.##.#........
.......##....####(.#.##.#......##
.......###..## ##..###.##......#
.....).###..######.##....##.....#
..#...###..........#......#....##
.≈≈...##.#..########.......#....#
≈≈.............l>S...............
≈≈..............@................
≈................................
≈≈.#.#...##.#.....#...P..#....#..
≈###.##.#######..#..#..####.#.[#.
≈≈.#..#.#.#.#..##..P..#.#P#.###.#
≈................................
............................<....
.........................#.......
.............##.##.P....#........


You could see a black mamba and a wyvern.

Vanquished Creatures
  Harold (D:8)
  2 hydras
  2 catoblepae
  3 two-headed ogres
  A centaur warrior (D:8)
  9 death yaks
  2 tengu warriors (D:10)
  Nergalle (Lair:3)
  An orb spider (Lair:4)
  Pikel (D:6)
  A deep elf pyromancer (D:8)
  An oklob plant (Lair:5)
  An ugly thing (IceCv)
  9 elephants
  6 black mambas
  A merfolk siren (Lair:3)
  3 ice statues (IceCv)
  13 cane toads
  7 torpor snails
  12 komodo dragons
  A freezing wraith (IceCv)
  A rime drake (Lair:2)
  An entropy weaver simulacrum (IceCv)
  3 polar bears
  A troll (D:10)
  2 hornets
  7 blink frogs
  14 dream sheep
  3 shadows (D:10)
  9 wyverns
  56 yaks
  4 basilisks
  Grum (D:9)
  4 steam dragons
  2 death yak simulacra (IceCv)
  A two-headed ogre zombie (D:10)
  A harpy simulacrum (IceCv)
  Edmund (D:6)
  23 water moccasins
  2 orc warriors
  A sky beast (D:7)
  A swamp drake (Lair:5)
  A hornet zombie (D:7)
  A black bear (D:5)
  3 ogres
  8 centaurs
  16 wolves
  2 lemures (D:6)
  9 bullfrogs
  A wyvern zombie (D:7)
  A scorpion (D:6)
  3 cane toad simulacra (IceCv)
  A troll zombie (D:10)
  8 wights
  A water moccasin skeleton (D:6)
  2 elephant simulacra
  3 electric eels (D:7)
  3 centaur zombies
  A crimson imp (D:5)
  2 bullfrog skeletons
  3 hounds
  3 orc priests
  4 jellies
  3 iguanas
  5 orc wizards
  3 polar bear simulacra
  A wolf simulacrum (Lair:5)
  A killer bee zombie (D:6)
  6 ogre zombies (D:10)
  A howler monkey zombie (D:9)
  3 gnolls
  6 adders
  A shadow imp (D:8)
  2 adder skeletons
  4 worms
  5 dart slugs
  25 orcs
  7 ball pythons
  8 bats
  7 endoplasms
  3 giant cockroaches
  7 goblins
  10 hobgoblins
  3 jackals
  6 kobolds
  5 quokkas
  4 frilled lizards
  2 goblin skeletons (D:10)
  4 goblin zombies (D:10)
  A hobgoblin skeleton (D:10)
  A hobgoblin zombie (D:10)
  3 orc skeletons (D:10)
  14 orc zombies (D:10)
  9 rats
452 creatures vanquished.

Vanquished Creatures (others)
  An electric eel (D:7)
  An orc wizard (D:9)
  47 fungi
  95 plants
144 creatures vanquished.

Grand Total: 596 creatures vanquished

Notes
Turn   | Place    | Note
-------+----------+-------------------------------------------
     0 | D:1      | Labrat the Demigod Conjurer began the quest for the Orb.
     0 | D:1      | Reached XP level 1. HP: 14/14 MP: 5/5
   165 | D:1      | Reached skill level 2 in Spellcasting
   340 | D:1      | Reached XP level 2. HP: 20/20 MP: 2/7
  1261 | D:1      | Reached XP level 3. HP: 26/26 MP: 7/9
  1369 | D:1      | Learned a level 2 spell: Searing Ray
  2581 | D:3      | Reached skill level 3 in Spellcasting
  2581 | D:3      | Reached XP level 4. HP: 33/33 MP: 8/11
  3837 | D:4      | Reached skill level 5 in Conjurations
  3837 | D:4      | Reached XP level 5. HP: 38/38 MP: 7/13
  4234 | D:4      | Reached skill level 4 in Spellcasting
  4864 | D:4      | Noticed an ogre
  4864 | D:4      | Noticed a two-headed ogre
  5268 | D:5      | Entered Level 5 of the Dungeon
  5305 | D:5      | Reached XP level 6. HP: 45/45 MP: 10/16
  5385 | D:5      | Reached skill level 5 in Spellcasting
  5483 | D:5      | Learned a level 4 spell: Iskenderun's Mystic Blast
  5817 | D:5      | Reached XP level 7. HP: 50/50 MP: 11/18
  6469 | D:6      | Noticed Pikel
  6536 | D:6      | Reached skill level 6 in Spellcasting
  6605 | D:6      | Found a staircase to the Ecumenical Temple.
  6939 | Temple   | Entered the Ecumenical Temple
  6953 | D:6      | Noticed a steam dragon
  7079 | D:4      | Reached XP level 8. HP: 34/57 MP: 13/21
  7079 | D:4      | Killed a two-headed ogre
  7080 | D:4      | Reached skill level 7 in Spellcasting
  7368 | D:6      | Killed Pikel
  7369 | D:6      | Reached skill level 5 in Fighting
  7767 | D:6      | Noticed Edmund
  8049 | D:6      | Killed Edmund
  8050 | D:6      | Reached XP level 9. HP: 57/74 MP: 5/24
  8417 | D:6      | Reached skill level 8 in Spellcasting
  8922 | D:7      | Identified the ring "Rijilesmi" {Will+ Dex+6}
  9085 | D:7      | Found a transporter.
  9104 | D:7      | HP: 2/74 [wyvern (16)]
  9106 | D:7      | Reached skill level 9 in Spellcasting
  9509 | D:7      | Found a transporter.
 10862 | D:8      | Noticed an orange crystal statue
 10906 | D:8      | Noticed Harold
 11055 | D:8      | Noticed a deep elf pyromancer
 11642 | D:8      | Noticed a moth of wrath
 11671 | D:8      | Identified the +4 mace of the Manifold Quests {venom,
                  | Int+7}
 11790 | D:8      | Noticed a centaur warrior
 11868 | D:8      | Reached skill level 10 in Spellcasting
 12148 | D:8      | Reached skill level 1 in Evocations
 12666 | D:8      | Killed a deep elf pyromancer
 12908 | D:8      | Killed Harold
 12909 | D:8      | Reached XP level 10. HP: 81/81 MP: 1/28
 13321 | D:8      | Reached skill level 5 in Evocations
 13381 | D:8      | Killed a centaur warrior
 13960 | D:9      | Found Ahautawk's Weapon Shop.
 13977 | D:9      | Noticed a two-headed ogre
 13980 | D:9      | Noticed Grum
 14256 | D:9      | Killed Grum
 14396 | D:9      | Killed a two-headed ogre
 15706 | D:10     | Entered Level 10 of the Dungeon
 15763 | D:10     | Noticed a two-headed ogre
 15782 | D:10     | Killed a two-headed ogre
 16002 | D:10     | Noticed a fire dragon
 16315 | D:10     | Reached XP level 11. HP: 94/94 MP: 24/29
 16791 | D:10     | Found a staircase to the Orcish Mines.
 16974 | D:10     | Noticed a tengu warrior
 16974 | D:10     | Noticed a tengu warrior
 17020 | D:9      | Learned a level 3 spell: Mephitic Cloud
 17333 | D:10     | Found Vepyf's Elemental Accessories.
 17390 | D:10     | Found a staircase to the Lair.
 17648 | D:10     | Killed a tengu warrior
 18169 | D:10     | Killed a tengu warrior
 18808 | Lair:1   | Entered Level 1 of the Lair of Beasts
 18825 | Lair:1   | Reached skill level 10 in Conjurations
 19834 | Lair:1   | Reached skill level 11 in Spellcasting
 21417 | Lair:2   | Reached skill level 12 in Spellcasting
 22012 | Lair:2   | Reached XP level 12. HP: 83/101 MP: 11/33
 22286 | Lair:2   | Noticed a catoblepas
 22578 | Lair:2   | Reached skill level 13 in Spellcasting
 24294 | Lair:2   | Killed a catoblepas
 24602 | Lair:3   | Noticed Nergalle
 24737 | Lair:3   | Reached skill level 14 in Spellcasting
 25565 | Lair:3   | Found a staircase to the Shoals.
 26249 | Lair:3   | Killed Nergalle
 26493 | Lair:3   | Learned a level 5 spell: Borgnjor's Vile Clutch
 26501 | Lair:4   | Noticed a six-headed hydra
 26504 | Lair:4   | Killed a six-headed hydra
 26505 | Lair:4   | Reached skill level 1 in Earth Magic
 26626 | Lair:4   | Found a hole to the Spider Nest.
 27442 | Lair:4   | Reached XP level 13. HP: 98/107 MP: 22/37
 28142 | Lair:5   | Identified a scroll of acquirement
 28232 | Lair:5   | Found a frozen archway.
 28346 | IceCv    | Entered an ice cave
 28359 | IceCv    | Reached skill level 15 in Spellcasting
 29247 | Lair:5   | Reached skill level 5 in Earth Magic
 31989 | Lair:6   | Entered Level 6 of the Lair of Beasts
 32420 | Lair:6   | Reached skill level 10 in Fighting
 33217 | Lair:6   | Reached XP level 14. HP: 73/122 MP: 15/38
 33243 | Lair:5   | Slain by a black mamba

Illustrated notes

Levels and vault maps discovered:
D:1:      dpeg_arrival_concentric_ovals, layout_basic,
          hellmonk_ecumenical_altar_defaced_shrine, serial_corexii_hall,
          chequers_hall_statues_corner_a, chequers_hall_statues_wall_a,
          minmay_surrounded
D:2:      layout_loops_cross, minmay_quantized
D:3:      layout_basic, mainiacjoe_overflow_alcove_2, minmay_misc_feat_hallway
D:4:      layout_basic, nrook_mini_vaults, dk_noncrumbling_2, kennysheep_donut
D:5:      layout_gridville, general_overflow_altar,
          grunt_temple_overflow_champion_of_chaos
D:6:      layout_cave_pools, kennysheep_slug_shrine, minmay_temple_entry_trees,
          uniq_pikel, uniq_edmund
D:7:      gammafunk_steamed_eel, layout_basic
D:8:      minmay_statue_hallways, layout_basic,
          chequers_temple_overflow_statue_of_worship, tgw_trog,
          nemelex_diamond_rough_becter, uniq_harold
D:9:      layout_roguey, lemuel_zombie_altar_yredelemnul, serial_shops,
          nicolae_shop_advertising_works [nicolae_subvault_shop_adworks],
          uniq_grum
D:10:     dragon1_lemuel, layout_loops_ring, mainiacjoe_overflow_tiny_flanked,
          mainiacjoe_overflow_small_starburst, lair_entry_dummy,
          zombieorc2_lemuel, nicolae_elemental_shop
Temple:   compressed_dpeg_triangle_lava_temple
Lair:1:   layout_misc_corridors, beast_lair_carwin_7, grunt_megastairs_4,
          serial_bayou_shore_a, lemuel_fruit_tree
Lair:2:   layout_small_grid, lemuel_centaur_altar, grunt_megastairs_3
Lair:3:   layout_hall_layers, minmay_shoals_entry_lonely_mermaid, uniq_nergalle
Lair:4:   layout_regular_city, nicolae_spider_entry_orb_guardian
Lair:5:   beast_lair_carwin_large_4, layout_small_grid,
          portal_ice_cave_entry_ice_simulacra, grunt_forest_small_clearings,
          kennysheep_snail_temple
Lair:6:   hangedman_lair_tendril_chambers, layout_regular_city,
          guppyfry_lair_end_dragon, minmay_slime_entry_eyes,
          nicolae_volcano_entry_s_turn, lemuel_fruit_fields,
          serial_bayou_shore_b

Skill      XL: |  1  2  3  4  5  6  7  8  9 10 11 12 13 |
---------------+----------------------------------------+-----
Spellcasting   | 2 3 4 5 6 7 10 12 14 15 | 15.0
Conjurations   | 4 5 6 7 8 10 | 10.0
Fighting       | 5 8 10 | 10.9
Evocations     | 4 5 8 |  8.0
Earth Magic    | 2 5 |  5.0
Dodging        | |  1.7
Stealth        | |  1.7

Action                   |  1- 3 |  4- 6 |  7- 9 | 10-12 | 13-15 || total
-------------------------+-------+-------+-------+-------+-------++-------
Melee: Unarmed           |     2 |       |       |       |       ||     2
       Short sword       |       |     8 |    23 |       |       ||    31
       Mace              |       |       |       |   147 |    60 ||   207
       Punch             |       |       |       |     3 |     1 ||     4
Throw: Dart              |       |       |     5 |    16 |       ||    21
       Javelin           |       |       |       |     3 |       ||     3
 Cast: Magic Dart        |   101 |   121 |   113 |   187 |    40 ||   562
       Searing Ray       |     1 |     7 |    45 |   108 |    44 ||   205
       Iskenderun's Myst |       |       |    26 |   137 |   106 ||   269
       Mephitic Cloud    |       |       |       |    20 |     5 ||    25
       Borgnjor's Vile C |       |       |       |       |    24 ||    24
Evoke: Condenser vane    |       |       |       |     1 |       ||     1
       Wand              |       |       |       |       |     4 ||     4
       Lightning rod     |       |       |       |       |     2 ||     2
  Use: Scroll            |       |       |    16 |     3 |     3 ||    22
       Potion            |       |       |       |       |     1 ||     1
 Stab: Sleeping          |       |       |     1 |     1 |       ||     2
       Distracted        |       |       |       |       |     1 ||     1
Armor: Robe              |     4 |     3 |    14 |     8 |       ||    29
       Steam dragon scal |       |       |       |   112 |    51 ||   163
Dodge: Dodged            |    10 |    10 |    55 |   254 |   101 ||   430
